 Dungeon Crawl Stone Soup version 0.20-a0-11-ga97c7b5 (webtiles) character file.

632 Maramoto the Digger (level 7, -3/36 HPs)
             Began as a Gargoyle Earth Elementalist on Nov 2, 2016.
             Was a Follower of Vehumet.
             Killed from afar by an orc wizard (6 damage)
             ... with a magic dart
             ... on level 4 of the Dungeon.
             The game lasted 00:10:41 (3851 turns).

Maramoto the Digger (Gargoyle Earth Elementalist)   Turns: 3851, Time: 00:10:41

Health: -3/36      AC:  8    Str: 11    XL:     7   Next: 49%
Magic:  1/15       EV: 12    Int: 18    God:    Vehumet [*.....]
Gold:   95         SH:  3    Dex: 10    Spells: 3 memorised, 8 levels left

rFire  . . .     SeeInvis .     f - +1 rapier
rCold  . . .     Gourm    .     c - +0 robe
rNeg   + . .     Faith    .     (no shield)
rPois  ∞         Spirit   .     (no helmet)
rElec  +         Reflect  +     (no cloak)
rCorr  .         Harm     .     p - +0 pair of gloves
MR     .....                    m - +0 pair of boots
Stlth  +++.......               u - +3 amulet of reflection
                                (no ring)
                                j - ring of stealth

@: no status effects
A: negative energy resistance 1, electricity resistance, unbreathing,
petrification resistance, rot immunity, AC +4
a: Renounce Religion


You were on level 4 of the Dungeon.
You worshipped Vehumet.
Vehumet was aware of your devotion.
You were hungry.

You visited 1 branch of the dungeon, and saw 4 of its levels.

You collected 95 gold pieces.

Inventory:

Hand Weapons
 f - a +1 rapier (weapon)
 g - a +0 club
 i - a +0 short sword
 r - a +0 spear
 x - a +3 dagger of pain
Missiles
 b - a stone (quivered)
Armour
 c - a +0 robe (worn)
 m - a +0 pair of boots (worn)
 p - a +0 pair of gloves (worn)
Jewellery
 h - an uncursed ring of ice
 j - a ring of stealth (left hand)
 u - a +3 amulet of reflection (around neck)
 w - an uncursed ring of ice
Scrolls
 l - 2 scrolls of teleportation
Potions
 s - a potion of flight
 t - a potion of cancellation {unknown}
 v - a potion of invisibility {unknown}
Books
 e - a book of Geomancy

   Spells                             Type                      Level
   a - Sandblast                      Earth                        1
   b - Passwall                       Transmutation/Earth          2
   c - Stone Arrow                    Conjuration/Earth            3
   d - Petrify                        Transmutation/Earth          4
   e - Lee's Rapid Deconstruction     Earth                        5
Comestibles
 a - 2 beef jerkies
 d - 5 bread rations
 k - 5 chunks of flesh
 o - 2 meat rations


   Skills:
 - Level 1.5 Dodging
 - Level 2.1 Stealth
 * Level 5.5 Spellcasting
 + Level 3.7 Conjurations
   Level 0.7 Transmutations
 + Level 6.0 Earth Magic


You had 8 spell levels left.
You knew the following spells:

 Your Spells              Type           Power        Failure   Level  Hunger
a - Sandblast             Erth           ####..       1%          1    None
b - Stone Arrow           Conj/Erth      ###...       6%          3    ##.....
c - Lee's Rapid Deconstr  Erth           ####......   34%         5    ######.


Dungeon Overview and Level Annotations

Branches:
Dungeon (4/15)
 Temple: D:4-7

Altars:
Vehumet
Yredelemnul

Shops:
D:4 *


Innate Abilities, Weirdness & Mutations

You are resistant to torment.
Your stone body is resilient. (AC +4)
You are immune to poison.
You resist negative energy. (rN+)
You are resistant to electric shocks. (rElec)
You can survive without breathing.
You are immune to petrification.
You are immune to rotting.


Message History

You don't have enough magic to cast that spell.
Unknown command.
Casting: Stone Arrow
Confirm with . or Enter, or press ? or * to list all spells.
Aiming: Sandblast
Press: ? - help, Shift-Dir - straight line, f - orc wizard
Aim: an orc wizard, wielding a dagger and wearing a robe (fast)
The blast of sand misses the orc wizard.
The blast of sand hits the orc.
You kill the orc!
Vehumet accepts your kill.
The orc wizard hits you but does no damage.
The orc wizard casts a spell at you. The magic dart hits you!
The orc wizard points at you and mumbles some strange words.
The magic dart hits you!
* * * LOW HITPOINT WARNING * * *
The orc wizard points at you and mumbles some strange words.
The magic dart hits you!
You die...

.o..o.....
.........
..(...... ###
.......# #.#
##..[..##. #.#
#.........
#.#####.........
#....##.(.......
#.##@##)........
#.##..o######.#.
#.####[..# #.#
###..8.8. #.#
##.⌠.⌠ #.### .∩.
#...# #.⌠.⌠
###.####..8. .
#.#............


You could see an orc wizard.

Vanquished Creatures
  2 ogres
  A centaur (D:4)
  The ghost of Maramoto the Digger, an amateur GrEE (D:3)
  A bullfrog skeleton (D:4)
  3 hounds
  2 worker ants (D:4)
  An iguana (D:4)
  An orc wizard (D:4)
  2 adders
  A gnoll (D:3)
  3 worms
  4 dart slugs
  3 leopard geckos
  6 orcs
  6 giant cockroaches
  7 hobgoblins
  7 kobolds
  9 bats
  A frilled lizard (D:3)
  2 goblins (D:1)
  2 rats
65 creatures vanquished.

Notes
Turn   | Place    | Note
-------+----------+-------------------------------------------
     0 | D:1      | Maramoto the Gargoyle Earth Elementalist began the quest for the Orb.
     0 | D:1      | Reached XP level 1. HP: 10/10 MP: 3/3
   160 | D:1      | Reached XP level 2. HP: 15/15 MP: 1/5
   311 | D:1      | You fall through a shaft!
   456 | D:2      | Found a radiant altar of Vehumet.
   468 | D:2      | Became a worshipper of Vehumet
   470 | D:2      | Reached skill level 4 in Earth Magic
   616 | D:1      | Reached XP level 3. HP: 18/19 MP: 1/7
   621 | D:1      | Learned a level 3 spell: Stone Arrow
  1484 | D:2      | Found a faded altar of an unknown god.
  2056 | D:3      | Reached * piety under Vehumet
  2056 | D:3      | Offered knowledge of Freeze by Vehumet.
  2082 | D:3      | Reached skill level 1 in Conjurations
  2082 | D:3      | Reached XP level 4. HP: 12/24 MP: 5/9
  2235 | D:3      | Noticed Maramoto's ghost (amateur GrEE)
  2248 | D:3      | Killed Maramoto's ghost
  2248 | D:3      | Reached XP level 5. HP: 12/28 MP: 3/10
  2522 | D:3      | Learned a level 5 spell: Lee's Rapid Deconstruction
  2537 | D:2      | Found a basalt altar of Yredelemnul.
  2952 | D:3      | Noticed an ogre
  2969 | D:3      | Killed an ogre
  2969 | D:3      | Reached skill level 5 in Earth Magic
  2969 | D:3      | Reached XP level 6. HP: 32/32 MP: 6/12
  3810 | D:4      | Found Plog's General Store.
  3838 | D:4      | Reached skill level 5 in Spellcasting
  3839 | D:4      | Reached XP level 7. HP: 28/36 MP: 8/14
  3848 | D:4      | Reached skill level 6 in Earth Magic
  3851 | D:4      | Killed from afar by an orc wizard

Vault maps used:
D:1:      sevenhm_arrival_forest_fort_small_4
D:2:      lemuel_crystal_altar, nicolae_overflow_hidden_temple,
          ecumenical_altar_1, first_bread, minmay_stone_trees_small
D:3:      cheibrodos_gnoll_hut
D:4:      serial_shops, nicolae_shop_temple_entry_statues_fountains,
          grunt_gozag_breadcrumbs

Skill      XL: |  1  2  3  4  5  6  7 |
---------------+----------------------+-----
Earth Magic    | 4 5 6 |  6.0
Spellcasting   | 3 4 5 |  5.5
Conjurations   | 1 2 3 |  3.7
Dodging        | |  1.5
Stealth        | |  2.1
Transmutations | |  0.7

Action                   |  1- 3 |  4- 6 |  7- 9 || total
-------------------------+-------+-------+-------++-------
Melee: Short sword       |    48 |       |       ||    48
       Spear             |    35 |    28 |       ||    63
       Dagger            |       |    82 |       ||    82
       Rapier            |       |    34 |       ||    34
 Cast: Sandblast         |    20 |     5 |     1 ||    26
       Stone Arrow       |     3 |    12 |     9 ||    24
  Use: Scroll            |     5 |     3 |       ||     8
       Potion            |       |     4 |     1 ||     5
 Stab: Sleeping          |     7 |     2 |       ||     9
       Distracted        |       |     1 |       ||     1
  Eat: Chunk             |     4 |     5 |       ||     9
       Royal jelly       |       |     1 |       ||     1
Armor: Robe              |    43 |    53 |     3 ||    99
Dodge: Dodged            |    52 |    89 |     4 ||   145
Block: Other             |       |    14 |     1 ||    15
       Reflection        |       |       |     1 ||     1
